[Event "Dutch Meesterklasse 2024-25"]
[Site "Netherlands"]
[Date "2024.11.23"]
[Round "4.1"]
[White "Tabak, Stefan"]
[Black "Grutter, Tim"]
[Result "0-1"]
[ECO "C79"]
[WhiteElo "2188"]
[BlackElo "2352"]
[Annotator "RC"]
[PlyCount "40"]
[EventDate "2024.09.21"]
[EventType "team-tourn"]
[EventCountry "NED"]
[SourceTitle "playchess.com"]
[Source "ChessBase"]
[SourceQuality "1"]
[TimeControl "40/5400+30:1800+30"]

1. e4 e5 2. Nf3 Nc6 3. Bb5 a6 4. Ba4 Nf6 5. O-O d6 6. Re1 Bd7 7. c3 g6 8. d4 Bg7 9. Nbd2 O-O 10. h3 exd4 11. cxd4 Nb4 12. Bxd7 Qxd7 13. Qb3 a5 14. Nc4 b5 15. Nxa5 c5 16. Bd2 Rxa5 17. a3 Qa7 18. Rad1 Nc6 19. Bxa5 Nxa5 20. dxc5 Nxb3 0-1

[Event "Dutch Meesterklasse 2024-25"]
[Site "Netherlands"]
[Date "2024.11.23"]
[Round "4.2"]
[White "Schoppen, Casper"]
[Black "Jakhari, Ansh"]
[Result "1-0"]
[ECO "E98"]
[WhiteElo "2544"]
[BlackElo "2148"]
[Annotator "RC"]
[PlyCount "63"]
[EventDate "2024.09.21"]
[EventType "team-tourn"]
[EventCountry "NED"]
[SourceTitle "playchess.com"]
[Source "ChessBase"]
[SourceQuality "1"]
[TimeControl "40/5400+30:1800+30"]

1. Nf3 Nf6 2. c4 g6 3. Nc3 Bg7 4. e4 d6 5. d4 O-O 6. Be2 e5 7. O-O Nc6 8. d5 Ne7 9. Ne1 Nd7 10. Nd3 f5 11. f3 f4 12. b4 g5 13. c5 Nf6 14. a4 h5 15. a5 g4 16. fxg4 hxg4 17. Nf2 Ng6 18. Nxg4 Nxg4 19. Bxg4 Nh4 20. Bxc8 Rxc8 21. Qg4 Kh7 22. g3 Ng6 23. a6 bxa6 24. Rxa6 Bh6 25. Qh5 Kg7 26. Ra2 Rh8 27. Qf5 Bg5 28. gxf4 Bxf4 29. Rg2 Qf6 30. Bxf4 exf4 31. Rxf4 Qd4+ 32. Kh1 1-0

[Event "Dutch Meesterklasse 2024-25"]
[Site "Netherlands"]
[Date "2024.11.23"]
[Round "4.3"]
[White "Arnold, Rhys"]
[Black "Pham, Khoi"]
[Result "1/2-1/2"]
[ECO "C84"]
[WhiteElo "2338"]
[BlackElo "2264"]
[Annotator "RC"]
[PlyCount "88"]
[EventDate "2024.09.21"]
[EventType "team-tourn"]
[EventCountry "NED"]
[SourceTitle "playchess.com"]
[Source "ChessBase"]
[SourceQuality "1"]
[TimeControl "40/5400+30:1800+30"]

1. e4 e5 2. Nf3 Nc6 3. Bb5 a6 4. Ba4 Nf6 5. O-O Be7 6. d3 b5 7. Bb3 d6 8. a4 Bd7 9. c3 O-O 10. Bc2 Re8 11. Re1 h6 12. Nbd2 Bf8 13. h3 Rb8 14. axb5 axb5 15. Bb3 Ra8 16. Rxa8 Qxa8 17. Nf1 Na5 18. Bc2 c5 19. Bd2 Nc6 20. Bb3 Ne7 21. Nh4 d5 22. exd5 Nexd5 23. Nf3 Qb8 24. Ng3 Bc6 25. Ne4 Nxe4 26. dxe4 Nf6 27. Bc2 c4 28. Qe2 Qd6 29. Bc1 Qe6 30. Nd2 Nd7 31. b3 Nb6 32. Bb2 Rd8 33. bxc4 bxc4 34. Ra1 Ra8 35. Rxa8 Bxa8 36. Nb1 Qc6 37. Qd1 Nd7 38. Ba3 Nc5 39. Qd8 Ne6 40. Qb8 Qb7 41. Qe8 Qa6 42. Qb8 Bc6 43. Bxf8 Nxf8 44. Qb2 Nd7 1/2-1/2

[Event "Dutch Meesterklasse 2024-25"]
[Site "Netherlands"]
[Date "2024.11.23"]
[Round "4.4"]
[White "Cheng, Bobby"]
[Black "Oglaza, Oskar"]
[Result "1-0"]
[ECO "A57"]
[WhiteElo "2594"]
[BlackElo "2313"]
[Annotator "RC"]
[PlyCount "99"]
[EventDate "2024.09.21"]
[EventType "team-tourn"]
[EventCountry "NED"]
[SourceTitle "playchess.com"]
[Source "ChessBase"]
[SourceQuality "1"]
[TimeControl "40/5400+30:1800+30"]

1. d4 Nf6 2. c4 c5 3. d5 b5 4. cxb5 a6 5. e3 axb5 6. Bxb5 Bb7 7. Nc3 Qa5 8. Bd2 Qb6 9. Nf3 Nxd5 10. a4 e6 11. O-O Be7 12. e4 Nxc3 13. Bxc3 Bxe4 14. Ne5 O-O 15. Qg4 Bg6 16. Nxd7 Nxd7 17. Bxd7 Rfd8 18. Bb5 Qb7 19. Rfe1 Rd5 20. Qf3 Bh5 21. Qe4 Bg6 22. Qe3 Rad8 23. Be2 Qb3 24. a5 c4 25. Qf4 Bd3 26. Bf3 Rf5 27. Qg3 Rg5 28. Qc7 Kf8 29. h4 Rc5 30. Qg3 g6 31. Qf4 g5 32. Qe3 Rf5 33. Qb6 Rb5 34. Qc7 Rc5 35. Bg7+ Kxg7 36. Qxe7 Rdc8 37. hxg5 Qxb2 38. a6 R5c7 39. Qf6+ Qxf6 40. gxf6+ Kxf6 41. a7 Kf5 42. Ra5+ Kf4 43. a8=Q Rxa8 44. Bxa8 c3 45. g3+ Kg4 46. Kg2 f5 47. f4 Kh5 48. Rxe6 Be2 49. Rxf5+ Kg4 50. Rg5# 1-0

[Event "Dutch Meesterklasse 2024-25"]
[Site "Netherlands"]
[Date "2024.11.23"]
[Round "4.5"]
[White "Kunin, Vitaly"]
[Black "Nijboer, Friso"]
[Result "1/2-1/2"]
[ECO "E73"]
[WhiteElo "2537"]
[BlackElo "2444"]
[Annotator "TA"]
[PlyCount "188"]
[EventDate "2024.09.21"]
[EventType "team-tourn"]
[EventCountry "NED"]
[SourceTitle "playchess.com"]
[Source "ChessBase"]
[SourceQuality "1"]
[TimeControl "40/5400+30:1800+30"]

1. d4 Nf6 2. c4 g6 3. Nc3 Bg7 4. e4 d6 5. Be2 O-O 6. Be3 c5 {[%emt 0:05:48] 6...Na6 is setting a new trend.} 7. dxc5 {[%emt 0:02:11] E73: King's Indian: Averbakh Variation without 6...c5.} Qa5 8. f3 dxc5 9. e5 Ne8 {[%emt 0:20:14] is the legacy move (9...Rd8).} 10. f4 Nc6 11. Nf3 Be6 12. O-O Rd8 13. Nd5 $146 ({Predecessor:} 13. Qb3) 13... Rd7 14. Qb3 Nc7 15. Nxc7 Rxc7 16. Rad1 f6 17. Bf2 Qb4 18. Qxb4 Nxb4 19. a3 Nc6 20. exf6 Bxf6 21. Bxc5 Na5 22. Bxa7 Nxc4 23. Nd4 Bf7 24. Nb5 Rcc8 25. b3 Nb2 26. Rd2 Rfd8 27. Bd4 Be8 28. Rxb2 Rxd4 29. Ra2 Re4 30. Bc4+ Kg7 31. a4 Bxb5 32. axb5 Bd4+ 33. Kh1 b6 34. g3 Bc5 35. Rd1 Rd4 36. Rxd4 Bxd4 37. Re2 Bc5 38. Kg2 Rd8 39. Kf3 Kf8 40. h4 Ra8 41. h5 gxh5 42. Rh2 Kg7 43. Rxh5 h6 44. Re5 Bd6 45. Re2 Rf8 46. Ke4 Rf6 47. Ra2 Bc5 48. Bd5 Rg6 49. Kf3 Rd6 50. Bc4 Rd8 51. Kg4 Bb4 52. Re2 Rf8 53. Re4 Bd6 54. Bd5 Rf6 55. Ra4 Bc5 56. Ra7 Rf8 57. Kf3 Kf6 58. Rc7 Rd8 59. Ke4 Bf2 60. g4 e6 61. Bc4 $1 (61. Rc6 $2 Rxd5 62. f5 Re5+ (62... Rxb5 $2 63. Rxe6+ Kg7 64. Re7+ Kg8 65. Re6 $17) 63. Kf3 Bd4 64. fxe6 Rxe6 $19 (64... Rxb5 $2 65. Ke4 $19)) 61... Bc5 {[%emt 0:00:08] [#]} 62. Kf3 (62. g5+ $142 $1 hxg5 63. fxg5+ Kxg5 64. Rxc5+ bxc5 65. Ke5) 62... Rd4 $16 63. Rc6 Bd6 (63... Rd6 $1 $14) 64. Ke3 $16 (64. Rxb6 $6 Rxf4+ 65. Ke2 Ke5 $11) 64... Rd1 65. Ke2 ({Worse is} 65. Rxb6 Bc5+ 66. Ke2 Bxb6 $11) 65... Rd4 66. Rxb6 Ke7 (66... Bxf4 {might work better.} 67. Rxe6+ Kg5) 67. Rb7+ $18 Kf6 68. Rd7 Bc5 69. Rc7 Bd6 70. Rc6 Bxf4 71. Rxe6+ (71. Bxe6 Ke7 72. Bg8 Kd7) 71... Kg5 72. Kf3 Rd6 73. Re7 Rf6 (73... Bh2 $16 {keeps fighting.} 74. Rg7+ Kf6) 74. Rg7+ Kh4 75. Ke4 Bg5 76. Ke5 Rf8 (76... Rb6 {was called for.} 77. Kd5 Rf6) 77. Rf7 $2 (77. Kd6 $18) 77... Rxf7 $14 78. Bxf7 Kxg4 79. b6 Kf3 80. b4 Ke3 81. b7 Bf4+ 82. Kd5 Kd3 83. b5 Kc3 84. Kc5 Bg3 85. Bh5 Kb3 86. Bd1+ Ka3 {[%emt 0:00:45] [#]} 87. Kb6 ({Of course not} 87. b6 $6 h5 $11) (87. Kc4 $1 $16) 87... Kb4 $14 88. Be2 Bb8 89. Kc6 Ka5 90. Kd7 ({White should try} 90. Bh5 $16) 90... Kb6 $11 91. Kc8 Bf4 92. b8=Q+ Bxb8 93. Kxb8 h5 $1 94. Bxh5 Kxb5 1/2-1/2

[Event "Dutch Meesterklasse 2024-25"]
[Site "Netherlands"]
[Date "2024.11.23"]
[Round "4.6"]
[White "Zelbel, Patrick"]
[Black "Korneev, Oleg"]
[Result "1/2-1/2"]
[ECO "C45"]
[WhiteElo "2493"]
[BlackElo "2459"]
[Annotator "RC"]
[PlyCount "56"]
[EventDate "2024.09.21"]
[EventType "team-tourn"]
[EventCountry "NED"]
[SourceTitle "playchess.com"]
[Source "ChessBase"]
[SourceQuality "1"]
[TimeControl "40/5400+30:1800+30"]

1. e4 e5 2. Nf3 Nc6 3. d4 exd4 4. Nxd4 Bc5 5. Nb3 Bb6 6. Nc3 d6 7. Bf4 Nge7 8. Qd2 O-O 9. O-O-O f5 10. Bc4+ Kh8 11. h4 fxe4 12. h5 e3 13. fxe3 Bg4 14. h6 g5 15. Bxg5 Bxd1 16. Nd4 Ne5 17. Qxd1 Qe8 18. Bb3 Nf5 19. Nd5 Qg6 20. Nxb6 axb6 21. Bf4 Nxd4 22. Qxd4 Qf6 23. Bg3 Rae8 24. Be1 b5 25. Bd5 c6 26. Be4 Ng4 27. Bf3 Qxd4 28. exd4 Ne3 1/2-1/2

[Event "Dutch Meesterklasse 2024-25"]
[Site "Netherlands"]
[Date "2024.11.23"]
[Round "4.7"]
[White "Kollen, Zyon"]
[Black "Vrolijk, Liam"]
[Result "1/2-1/2"]
[ECO "C47"]
[WhiteElo "2346"]
[BlackElo "2512"]
[Annotator "RC"]
[PlyCount "77"]
[EventDate "2024.09.21"]
[EventType "team-tourn"]
[EventCountry "NED"]
[SourceTitle "playchess.com"]
[Source "ChessBase"]
[SourceQuality "1"]
[TimeControl "40/5400+30:1800+30"]

1. Nc3 Nf6 2. e4 e5 3. Nf3 Nc6 4. g3 Bc5 5. Bg2 d6 6. d3 a5 7. O-O O-O 8. Bg5 h6 9. Be3 Bxe3 10. fxe3 Rb8 11. Qd2 b5 12. Nd5 Nxd5 13. exd5 Ne7 14. Nh4 b4 15. e4 c6 16. dxc6 Nxc6 17. Nf5 Kh7 18. Rf2 Ne7 19. a3 bxa3 20. b3 Nxf5 21. exf5 Bb7 22. Rxa3 Bxg2 23. Kxg2 Rb4 24. f6 gxf6 25. c3 Rb8 26. c4 Rg8 27. Qxa5 Qxa5 28. Rxa5 Rxb3 29. Rd5 Rg6 30. Rxd6 Rc3 31. Kf1 e4 32. dxe4 Rxc4 33. e5 Re4 34. exf6 Rg5 35. Rd8 Ree5 36. Rf8 Kg6 37. Rg8+ Kh7 38. Rf8 Kg6 39. Rg8+ 1/2-1/2

[Event "Dutch Meesterklasse 2024-25"]
[Site "Netherlands"]
[Date "2024.11.23"]
[Round "4.8"]
[White "Bellahcene, Bilel"]
[Black "Geirnaert, Steven"]
[Result "0-1"]
[ECO "C77"]
[WhiteElo "2517"]
[BlackElo "2409"]
[Annotator "RC"]
[PlyCount "100"]
[EventDate "2024.09.21"]
[EventType "team-tourn"]
[EventCountry "NED"]
[SourceTitle "playchess.com"]
[Source "ChessBase"]
[SourceQuality "1"]
[TimeControl "40/5400+30:1800+30"]

1. e4 e5 2. Nf3 Nc6 3. Bb5 a6 4. Ba4 Nf6 5. d3 b5 6. Bb3 Bc5 7. Nc3 d6 8. Nd5 h6 9. c3 Be6 10. Nxf6+ Qxf6 11. O-O O-O 12. Be3 Bb6 13. a4 Rab8 14. Bxb6 Rxb6 15. axb5 axb5 16. Nd2 Ne7 17. Bxe6 Qxe6 18. Qb3 Qxb3 19. Nxb3 Nc6 20. Ra2 f5 21. Rfa1 fxe4 22. dxe4 Rbb8 23. Ra6 Nd8 24. Na5 Kf7 25. Ra7 Ne6 26. Nc6 Rb6 27. Nb4 Rfb8 28. h4 Ke8 29. h5 Kd7 30. Nd5 R6b7 31. Rxb7 Rxb7 32. Ra8 c6 33. Nb4 Nf4 34. Rg8 Nxh5 35. Kh2 c5 36. Nd5 Ke6 37. Re8+ Kf7 38. Rd8 Nf6 39. Rxd6 Nxe4 40. Rc6 Nxf2 41. Rxc5 Nd3 42. Rc6 Nxb2 43. Kg3 Nd3 44. Ne3 b4 45. cxb4 Rxb4 46. Nf5 h5 47. Rc7+ Kf6 48. Nd6 Ke6 49. Ne8 g6 50. Kf3 Rb8 0-1

[Event "Dutch Meesterklasse 2024-25"]
[Site "Netherlands"]
[Date "2024.11.23"]
[Round "4.9"]
[White "Vandenbussche, Thibaut"]
[Black "Elgersma, Onno"]
[Result "0-1"]
[ECO "C02"]
[WhiteElo "2435"]
[BlackElo "2322"]
[Annotator "RC"]
[PlyCount "104"]
[EventDate "2024.09.21"]
[EventType "team-tourn"]
[EventCountry "NED"]
[SourceTitle "playchess.com"]
[Source "ChessBase"]
[SourceQuality "1"]
[TimeControl "40/5400+30:1800+30"]

1. e4 e6 2. d4 d5 3. e5 c5 4. c3 Nc6 5. Nf3 Bd7 6. Be2 Nge7 7. Na3 Nf5 8. Nc2 Be7 9. Bd3 cxd4 10. cxd4 O-O 11. g4 Nh4 12. Nxh4 Bxh4 13. g5 Bxg5 14. Qh5 h6 15. Rg1 Bxc1 16. Rxc1 f5 17. Qxh6 Rf7 18. Ke2 Qb6 19. Qh4 Rc8 20. Rg5 Nxd4+ 21. Nxd4 Rxc1 22. Rh5 Rf8 23. Rh8+ Kf7 24. Qh5+ Ke7 25. Qg5+ Kf7 26. Rh7 Rg8 27. Nb3 Rcc8 28. Qf6+ Ke8 29. Rxg7 Rxg7 30. Qxg7 Qb4 31. h4 Qg4+ 32. Qxg4 fxg4 33. Ke3 Ke7 34. h5 Rh8 35. Bg6 Be8 36. Kf4 Bxg6 37. hxg6 Rf8+ 38. Kg3 Rg8 39. Kxg4 Rxg6+ 40. Kf4 Rg1 41. Nc5 Re1 42. f3 b6 43. Nd3 Re2 44. a3 Kd7 45. a4 Ke7 46. b3 d4 47. b4 Re3 48. Nc1 Rc3 49. Ne2 Rc4 50. Ke4 Rxb4 51. Nxd4 Rxa4 52. Kd3 Rxd4+ 0-1

[Event "Dutch Meesterklasse 2024-25"]
[Site "Netherlands"]
[Date "2024.11.23"]
[Round "4.10"]
[White "Schoorl, Rob"]
[Black "Maerevoet, Sim"]
[Result "0-1"]
[ECO "A09"]
[WhiteElo "2300"]
[BlackElo "2418"]
[Annotator "RC"]
[PlyCount "62"]
[EventDate "2024.09.21"]
[EventType "team-tourn"]
[EventCountry "NED"]
[SourceTitle "playchess.com"]
[Source "ChessBase"]
[SourceQuality "1"]
[TimeControl "40/5400+30:1800+30"]

1. Nf3 d5 2. c4 d4 3. b4 g5 4. h3 h6 5. g3 Bg7 6. d3 e5 7. Nbd2 Be6 8. Bg2 Nd7 9. O-O Ne7 10. a4 Ng6 11. b5 f5 12. Ba3 h5 13. c5 g4 14. hxg4 hxg4 15. Nh2 Nf4 16. Bxb7 Rb8 17. e3 Nh3+ 18. Kg2 Rxb7 19. c6 Rb6 20. cxd7+ Qxd7 21. e4 f4 22. Rh1 f3+ 23. Kf1 Bg8 24. Nb3 Rbh6 25. Nc5 Qf7 26. Qd2 Nf4 27. gxf4 Rxh2 28. Rg1 Rh1 29. Na6 Rxg1+ 30. Kxg1 Qh5 31. Nxc7+ Kd7 0-1